TOP OF THE 1ST |
Trenton Stars batting - Pitching for Allentown Hillbillies : LHP Robert Trent
|
Pitching: LHP Robert Trent
|
|
Batting: RHB Aurelio Cruz
|
0-0: Called Strike 0-1: Ground out 4-3 (Groundball, 4MD)
|
Batting: LHB Pat Zimmerman
|
0-0: Called Strike 0-1: SINGLE (Line Drive, 9S)
|
Batting: RHB Michael Skinner
|
0-0: Ball 1-0: Ball 2-0: Ball 3-0: Called Strike 3-1: Foul Ball, location: 2F 3-2: Base on Balls Pat Zimmerman to second
|
Batting: RHB Jorge Flores
|
0-0: Ball 1-0: Foul Ball, location: 2F 1-1: SINGLE (Groundball, 4D) Pat Zimmerman to third Michael Skinner to second Runner from 3rd tries for Home, SAFE, no throw
|
Batting: RHB Emílio Bruno
|
0-0: Called Strike 0-1: SINGLE (Line Drive, 4) Michael Skinner to third Jorge Flores to second
|
Batting: SHB Ismael Sánchez
|
0-0: Ball 1-0: Ball 2-0: Fielders Choice at 2nd, 5-4 (Groundball, 5) Michael Skinner scores Jorge Flores to third
|
Batting: LHB Gerardo Guzmán
|
0-0: Ball 1-0: DOUBLE (Line Drive, 7LS) Jorge Flores scores Ismael Sánchez to third Runner from 3rd tries for Home, SAFE, no throw
|
Batting: RHB Dan McKay
|
0-0: Called Strike 0-1: Fly out, F7 (Flyball, 7D)
|
Top of the 1st over - 4 runs, 4 hits, 0 errors, 1 left on base; Trenton 4 - Allentown 0 |
BOTTOM OF THE 1ST |
Allentown Hillbillies batting - Pitching for Trenton Stars : RHP Gary Grimes
|
Pitching: RHP Gary Grimes
|
|
Batting: LHB Júlio Lorenzo
|
0-0: Ball 1-0: Ball 2-0: Fly out, F4 (Popup, 4D)
|
Batting: SHB Travis Martin
|
0-0: Called Strike 0-1: Swinging Strike 0-2: Foul Ball, location: 2F 0-2: Strikes out swinging
|
Batting: RHB Donald Sanford
|
0-0: Foul Ball, location: 2F 0-1: Called Strike 0-2: Ball 1-2: Ball 2-2: Ball 3-2: Ground out 5-3 (Groundball, 56)
|
Bottom of the 1st over - 0 runs, 0 hits, 0 errors, 0 left on base; Trenton 4 - Allentown 0 |
TOP OF THE 2ND |
Trenton Stars batting - Pitching for Allentown Hillbillies : LHP Robert Trent
|
Batting: SHB António Enríquez
|
0-0: Called Strike 0-1: Fly out, F9 (Flyball, 9LSF)
|
Batting: RHB Aurelio Cruz
|
0-0: Called Strike 0-1: Ball 1-1: Swinging Strike 1-2: Ball 2-2: Foul Ball, location: 2F 2-2: Ball 3-2: Ground out 5-3 (Groundball, 56S)
|
Batting: LHB Pat Zimmerman
|
0-0: Ball 1-0: Ball 2-0: SINGLE (Groundball, 6M) (infield hit)
|
Batting: RHB Michael Skinner
|
0-0: Called Strike 0-1: Swinging Strike 0-2: Strikes out swinging, 2-3 out at first.
|
Top of the 2nd over - 0 runs, 1 hit, 0 errors, 1 left on base; Trenton 4 - Allentown 0 |
BOTTOM OF THE 2ND |
Allentown Hillbillies batting - Pitching for Trenton Stars : RHP Gary Grimes
|
Batting: LHB Alfonso Ruíz
|
0-0: Hit by Pitch
|
Batting: LHB Ryan Flynn
|
0-0: Called Strike 0-1: Foul Ball, location: 2F 0-2: Ball 1-2: Strikes out swinging
|
Batting: RHB Germán Romero
|
0-0: Ball 1-0: Called Strike 1-1: Called Strike 1-2: Ball 2-2: Foul Ball, location: 2F 2-2: Foul Ball, location: 2F 2-2: Fly out, F7 (Flyball, 7D)
|
Batting: RHB Germano Labrego
|
0-0: Called Strike 0-1: Ball 1-1: Ball 2-1: Swinging Strike 2-2: Strikes out swinging
|
Bottom of the 2nd over - 0 runs, 0 hits, 0 errors, 1 left on base; Trenton 4 - Allentown 0 |
TOP OF THE 3RD |
Trenton Stars batting - Pitching for Allentown Hillbillies : LHP Robert Trent
|
Batting: RHB Jorge Flores
|
0-0: Ball 1-0: Swinging Strike 1-1: Swinging Strike 1-2: Fly out, F9 (Flyball, 89S)
|
Batting: RHB Emílio Bruno
|
0-0: Called Strike 0-1: Ball 1-1: Called Strike 1-2: Fly out, F3 (Line Drive, 3L)
|
Batting: SHB Ismael Sánchez
|
0-0: Ball 1-0: Fly out, F9 (Line Drive, 9)
|
Top of the 3rd over - 0 runs, 0 hits, 0 errors, 0 left on base; Trenton 4 - Allentown 0 |
BOTTOM OF THE 3RD |
Allentown Hillbillies batting - Pitching for Trenton Stars : RHP Gary Grimes
|
Batting: RHB Wyatt McKinnon
|
0-0: Called Strike 0-1: Ball 1-1: Foul Ball, location: 2F 1-2: Strikes out swinging
|
Batting: LHB António Salazar
|
0-0: Ball 1-0: Foul Ball, location: 2F 1-1: SOLO HOME RUN (Flyball, 7LD), Distance : 356 ft
|
Batting: LHB Júlio Lorenzo
|
0-0: Ball 1-0: Ball 2-0: Ball 3-0: Base on Balls
|
Batting: SHB Travis Martin
|
0-0: Ball Júlio Lorenzo steals 2nd base 1-0: Called Strike 1-1: Ball 2-1: Fly out, F6 (Line Drive, 6) Lined into DP, 6-4 (Line Drive, 6)
|
Bottom of the 3rd over - 1 run, 1 hit, 0 errors, 0 left on base; Trenton 4 - Allentown 1 |
TOP OF THE 4TH |
Trenton Stars batting - Pitching for Allentown Hillbillies : LHP Robert Trent
|
Batting: LHB Gerardo Guzmán
|
0-0: Ball 1-0: SINGLE (Line Drive, 78S)
|
Batting: RHB Dan McKay
|
0-0: Foul Ball, location: 2F 0-1: Ball 1-1: Grounds into double play, 4-6-3 (Groundball, 4M)
|
Batting: SHB António Enríquez
|
0-0: Swinging Strike 0-1: Ball 1-1: Ground out 5-3 (Groundball, 56)
|
Top of the 4th over - 0 runs, 1 hit, 0 errors, 0 left on base; Trenton 4 - Allentown 1 |
BOTTOM OF THE 4TH |
Allentown Hillbillies batting - Pitching for Trenton Stars : RHP Gary Grimes
|
Batting: RHB Donald Sanford
|
0-0: Ball 1-0: Foul Ball, location: 2F 1-1: Ball 2-1: Ball 3-1: Base on Balls
|
Batting: LHB Alfonso Ruíz
|
0-0: Foul Ball, location: 2F 0-1: Swinging Strike 0-2: Foul Ball, location: 2F 0-2: Strikes out looking
|
Batting: LHB Ryan Flynn
|
0-0: Swinging Strike 0-1: 2-RUN HOME RUN (Flyball, 89XD), Distance : 394 ft
|
Batting: RHB Germán Romero
|
0-0: Called Strike 0-1: Ball 1-1: Swinging Strike 1-2: Ball 2-2: DOUBLE (Flyball, 9LD)
|
Batting: RHB Germano Labrego
|
0-0: Swinging Strike 0-1: Foul Ball, location: 2F 0-2: Strikes out swinging
|
Batting: RHB Wyatt McKinnon
|
0-0: Ball 1-0: Ball 2-0: Ball 3-0: Called Strike 3-1: Called Strike 3-2: Fly out, F5 (Line Drive, 56S)
|
Bottom of the 4th over - 2 runs, 2 hits, 0 errors, 1 left on base; Trenton 4 - Allentown 3 |
TOP OF THE 5TH |
Trenton Stars batting - Pitching for Allentown Hillbillies : LHP Robert Trent
|
Batting: RHB Aurelio Cruz
|
0-0: Ball 1-0: Ball 2-0: Ball 3-0: Called Strike 3-1: Base on Balls
|
Batting: LHB Pat Zimmerman
|
0-0: Ball 1-0: Ball 2-0: Foul Ball, location: 2F 2-1: SINGLE (Line Drive, 6MD) Aurelio Cruz to second Runner from 2nd tries for 3rd, SAFE, no throw
|
Batting: RHB Michael Skinner
|
0-0: Called Strike 0-1: Ball 1-1: Ball 2-1: Foul Ball, location: 2F 2-2: Grounds into double play, 6-4-3 (Groundball, 6) Aurelio Cruz scores
|
Batting: RHB Jorge Flores
|
0-0: Fly out, F9 (Line Drive, 9)
|
Top of the 5th over - 1 run, 1 hit, 0 errors, 0 left on base; Trenton 5 - Allentown 3 |
BOTTOM OF THE 5TH |
Allentown Hillbillies batting - Pitching for Trenton Stars : RHP Gary Grimes
|
Batting: LHB António Salazar
|
0-0: Called Strike 0-1: Ball 1-1: Ball 2-1: Ball 3-1: Base on Balls
|
Batting: LHB Júlio Lorenzo
|
0-0: Fly out, F9 (Flyball, 89S)
|
Batting: SHB Travis Martin
|
0-0: Ball 1-0: Swinging Strike 1-1: Ball António Salazar is caught stealing 2nd base 2-1: Foul Ball, location: 2F 2-2: Strikes out swinging
|
Bottom of the 5th over - 0 runs, 0 hits, 0 errors, 0 left on base; Trenton 5 - Allentown 3 |
TOP OF THE 6TH |
Trenton Stars batting - Pitching for Allentown Hillbillies : LHP Robert Trent
|
Batting: RHB Emílio Bruno
|
0-0: Fly out, F3 (Popup, 3F)
|
Batting: SHB Ismael Sánchez
|
0-0: Foul Ball, location: 2F 0-1: Foul Ball, location: 2F 0-2: Foul Ball, location: 2F 0-2: Ball 1-2: Foul Ball, location: 2F 1-2: Foul Ball, location: 2F 1-2: Ball 2-2: Foul Ball, location: 2F 2-2: Fly out, F9 (Flyball, 9)
|
Batting: LHB Gerardo Guzmán
|
0-0: Ground out 3-1 (Groundball, 34S)
|
Top of the 6th over - 0 runs, 0 hits, 0 errors, 0 left on base; Trenton 5 - Allentown 3 |
BOTTOM OF THE 6TH |
Allentown Hillbillies batting - Pitching for Trenton Stars : RHP Gary Grimes
|
Batting: RHB Donald Sanford
|
0-0: Called Strike 0-1: Foul Ball, location: 2F 0-2: Foul Ball, location: 2F 0-2: Ball 1-2: Ball 2-2: Fly out, F9 (Flyball, 9S)
|
Batting: LHB Alfonso Ruíz
|
0-0: Ball 1-0: Foul Ball, location: 2F 1-1: Swinging Strike 1-2: Strikes out swinging
|
Batting: LHB Ryan Flynn
|
0-0: Fly out, F6 (Line Drive, 6)
|
Bottom of the 6th over - 0 runs, 0 hits, 0 errors, 0 left on base; Trenton 5 - Allentown 3 |
TOP OF THE 7TH |
Trenton Stars batting - Pitching for Allentown Hillbillies : LHP Robert Trent
|
Pitching: RHP Millard Manning
|
|
Batting: RHB Dan McKay
|
0-0: Called Strike 0-1: Ball 1-1: Foul Ball, location: 2F 1-2: Strikes out looking
|
Batting: SHB António Enríquez
|
0-0: Swinging Strike 0-1: Foul Ball, location: 2F 0-2: Ball 1-2: Strikes out swinging
|
Batting: RHB Aurelio Cruz
|
0-0: Ground out 4-3 (Groundball, 4MD)
|
Top of the 7th over - 0 runs, 0 hits, 0 errors, 0 left on base; Trenton 5 - Allentown 3 |
BOTTOM OF THE 7TH |
Allentown Hillbillies batting - Pitching for Trenton Stars : RHP Gary Grimes
|
Batting: RHB Germán Romero
|
0-0: Ball 1-0: SOLO HOME RUN (Flyball, 9LD), Distance : 374 ft
|
Batting: RHB Germano Labrego
|
0-0: SINGLE (Flyball, 89M)
|
Batting: RHB Wyatt McKinnon
|
0-0: Bunted foul 0-1: Bunt missed! 0-2: Foul Ball, location: 2F 0-2: Foul Ball, location: 2F 0-2: Fly out, F3 (Popup, 3SF)
|
Batting: LHB António Salazar
|
0-0: Ball 1-0: Ball 2-0: Called Strike 2-1: DOUBLE (Line Drive, 7LM) Germano Labrego to third
|
Batting: LHB Júlio Lorenzo
|
0-0: Ball 1-0: Ball 2-0: SINGLE (Line Drive, 89S) Germano Labrego scores António Salazar to third Runner from 3rd tries for Home, SAFE, no throw
|
Pitching: LHP Enrico Lozano
|
|
Pinch Hitting: RHB Albert Lutz
|
0-0: Foul Ball, location: 2F 0-1: Called Strike 0-2: Strikes out swinging
|
Batting: RHB Donald Sanford
|
0-0: Ball 1-0: Ball 2-0: Ball 3-0: Called Strike 3-1: Fly out, F7 (Flyball, 78S)
|
Bottom of the 7th over - 3 runs, 4 hits, 0 errors, 1 left on base; Trenton 5 - Allentown 6 |
TOP OF THE 8TH |
Trenton Stars batting - Pitching for Allentown Hillbillies : RHP Millard Manning
|
Now at 2B: Juan Magdayao
|
|
Batting: LHB Pat Zimmerman
|
0-0: SOLO HOME RUN (Flyball, 89XD), Distance : 402 ft
|
Batting: RHB Michael Skinner
|
0-0: Ball 1-0: Ground out 4-3 (Groundball, 34)
|
Batting: RHB Jorge Flores
|
0-0: Fly out, F7 (Flyball, 7LM)
|
Pinch Hitting: LHB Tom Waller
|
0-0: Swinging Strike 0-1: Called Strike 0-2: Ground out 4-3 (Groundball, 4)
|
Top of the 8th over - 1 run, 1 hit, 0 errors, 0 left on base; Trenton 6 - Allentown 6 |
BOTTOM OF THE 8TH |
Allentown Hillbillies batting - Pitching for Trenton Stars : LHP Enrico Lozano
|
Now in LF: Norris Howard
|
|
Pinch Hitting: RHB Robert Bly
|
0-0: Ball 1-0: Ball 2-0: Foul Ball, location: 2F 2-1: Swinging Strike 2-2: SOLO HOME RUN (Flyball, 7D), Distance : 371 ft
|
Batting: LHB Ryan Flynn
|
0-0: Ball 1-0: Ball 2-0: Called Strike 2-1: Foul Ball, location: 2F 2-2: Strikes out swinging
|
Batting: RHB Germán Romero
|
0-0: Ground out 1-3 (Groundball, P)
|
Batting: RHB Germano Labrego
|
0-0: Ground out 6-3 (Groundball, 6)
|
Bottom of the 8th over - 1 run, 1 hit, 0 errors, 0 left on base; Trenton 6 - Allentown 7 |
TOP OF THE 9TH |
Trenton Stars batting - Pitching for Allentown Hillbillies : RHP Millard Manning
|
Pitching: RHP Dale Downs
|
|
Now at 3B: Russell Ewing
|
|
Pinch Hitting: RHB Derek Ramsey
|
0-0: Called Strike 0-1: Foul Ball, location: 2F 0-2: Strikes out looking
|
Batting: LHB Gerardo Guzmán
|
0-0: Called Strike 0-1: Foul Ball, location: 2F 0-2: Ball 1-2: Ball 2-2: Ball 3-2: Strikes out swinging
|
Batting: RHB Dan McKay
|
0-0: DOUBLE (Flyball, 8RXD)
|
Batting: SHB António Enríquez
|
0-0: Foul Ball, location: 2F 0-1: DOUBLE (Line Drive, 8LD) Dan McKay scores
|
Batting: RHB Aurelio Cruz
|
0-0: Fly out, F7 (Flyball, 78M)
|
Top of the 9th over - 1 run, 2 hits, 0 errors, 1 left on base; Trenton 7 - Allentown 7 |
BOTTOM OF THE 9TH |
Allentown Hillbillies batting - Pitching for Trenton Stars : LHP Enrico Lozano
|
Now at SS: Peter Sexton
|
|
Batting: RHB Wyatt McKinnon
|
0-0: Ball 1-0: Fly out, F9 (Flyball, 89D)
|
Pinch Hitting: RHB Justin Harris
|
0-0: Called Strike 0-1: Called Strike 0-2: Ball 1-2: Strikes out swinging
|
Pinch Hitting: RHB Marc Cox
|
0-0: SINGLE (Line Drive, 8LS)
|
Batting: RHB Juan Magdayao
|
0-0: Reached on error, E6 (Groundball, 6MS) Marc Cox to second
|
Batting: RHB Donald Sanford
|
0-0: Foul Ball, location: 2F 0-1: Hit by Pitch Marc Cox to third Juan Magdayao to second
|
Pinch Hitting: RHB Joel Jackson
|
0-0: Called Strike 0-1: Foul Ball, location: 2F 0-2: Ball 1-2: Strikes out looking
|
Bottom of the 9th over - 0 runs, 1 hit, 1 error, 3 left on base; Trenton 7 - Allentown 7 |
TOP OF THE 10TH |
Trenton Stars batting - Pitching for Allentown Hillbillies : RHP Dale Downs
|
Now at 3B: Justin Harris
|
|
Now in LF: Jeff Townsley
|
|
Now in CF: Toshinobu Tanaka
|
|
Batting: LHB Pat Zimmerman
|
0-0: Ball 1-0: Ball 2-0: Ball 3-0: Base on Balls
|
Batting: RHB Michael Skinner
|
0-0: Ball 1-0: Fly out, F8 (Flyball, 8RM)
|
Batting: RHB Jorge Flores
|
0-0: Ball Pat Zimmerman is caught stealing 2nd base 1-0: Ball 2-0: Swinging Strike 2-1: Foul Ball, location: 2F 2-2: Strikes out swinging
|
Top of the 10th over - 0 runs, 0 hits, 0 errors, 0 left on base; Trenton 7 - Allentown 7 |
BOTTOM OF THE 10TH |
Allentown Hillbillies batting - Pitching for Trenton Stars : LHP Enrico Lozano
|
Pinch Hitting: RHB Von Ford
|
0-0: Ball 1-0: Ball 2-0: Called Strike 2-1: Foul Ball, location: 2F 2-2: Strikes out swinging
|
Batting: RHB Germán Romero
|
0-0: Ball 1-0: Ball 2-0: Foul Ball, location: 2F 2-1: Ball 3-1: DOUBLE (Line Drive, 78D)
|
Batting: RHB Germano Labrego
|
0-0: Called Strike 0-1: Foul Ball, location: 2F 0-2: Foul Ball, location: 2F 0-2: Strikes out swinging
|
Batting: RHB Wyatt McKinnon
|
0-0: Called Strike 0-1: Called Strike 0-2: Strikes out looking
|
Bottom of the 10th over - 0 runs, 1 hit, 0 errors, 1 left on base; Trenton 7 - Allentown 7 |
TOP OF THE 11TH |
Trenton Stars batting - Pitching for Allentown Hillbillies : RHP Dale Downs
|
Pitching: LHP Ánibal Barajas
|
|
Now in RF: Mason Mabbett
|
|
Batting: RHB Norris Howard
|
0-0: Ball 1-0: Fly out, F5 (Popup, 5)
|
Batting: RHB Peter Sexton
|
0-0: Ball 1-0: SINGLE (Groundball, 6D)
|
Pinch Hitting: RHB Yaichiro Sugahara
|
0-0: Called Strike Peter Sexton steals 2nd base 0-1: Called Strike 0-2: Ball 1-2: Ball 2-2: Foul Ball, location: 2F 2-2: Strikes out looking
|
Batting: RHB Dan McKay
|
0-0: SINGLE (Flyball, 8LS) Peter Sexton to third Runner from 3rd tries for Home, SAFE, throw made home
|
Batting: SHB António Enríquez
|
0-0: Called Strike 0-1: Called Strike 0-2: Ball 1-2: Ball 2-2: Fly out, F4 (Flyball, 4D)
|
Top of the 11th over - 1 run, 2 hits, 0 errors, 1 left on base; Trenton 8 - Allentown 7 |
BOTTOM OF THE 11TH |
Allentown Hillbillies batting - Pitching for Trenton Stars : LHP Enrico Lozano
|
Now at 2B: Juan Martínez
|
|
Batting: RHB Justin Harris
|
0-0: Foul Ball, location: 2F 0-1: Ball 1-1: Fly out, F9 (Flyball, 9S)
|
Batting: RHB Jeff Townsley
|
0-0: Called Strike 0-1: Fly out, F4 (Popup, 4M)
|
Batting: RHB Juan Magdayao
|
0-0: Ball 1-0: DOUBLE (Flyball, 89XD)
|
Pitching: RHP Terry Fields
|
|
Batting: RHB Donald Sanford
|
0-0: Ball 1-0: Ball 2-0: Swinging Strike 2-1: Ball 3-1: Base on Balls
|
Batting: SHB Toshinobu Tanaka
|
0-0: Ball 1-0: Fly out, F4 (Line Drive, 4)
|
Bottom of the 11th over - 0 runs, 1 hit, 0 errors, 2 left on base; Trenton 8 - Allentown 7 |
|